 Dungeon Crawl Stone Soup version 0.24-a0-279-ga7546fe674 (webtiles) character file.

Game seed: 17257948976494865296

46 HAL9000 the Sneak (level 3, 0/18 HPs)
             Began as a Vine Stalker Assassin on May 1, 2019.
             Succumbed to an adder's poison
             ... on level 2 of the Dungeon.
             The game lasted 00:01:48 (1314 turns).

HAL9000 the Sneak (Vine Stalker Assassin)           Turns: 1314, Time: 00:01:48

Health: 0/18       AC:  3    Str: 14    XL:     3   Next: 66%
Magic:  3/4        EV: 17    Int: 16    God:
Gold:   99         SH:  0    Dex: 20    Spells: 2/2 levels left

rFire    . . .     SeeInvis .   a - +2 dagger
rCold    . . .     Gourm    .   (no shield)
rNeg     . . .     Faith    .   c - +0 robe
rPois    .         Spirit   +   (no helmet)
rElec    .         Reflect  .   d - +0 cloak
rCorr    .         Harm     .   (no gloves)
MR       .....                  (no boots)
Stlth    +++++.....             (no amulet)
HPRegen  0.06/turn              (no ring)
MPRegen  0.09/turn              (no ring)

@: brilliant, agile, lethally poisoned (0 -> -7), flying
A: fangs 2, magic shield, antimagic bite, no potion heal 3, rot immunity
a: no special abilities


You were on level 2 of the Dungeon.
You were very hungry.

You visited 1 branch of the dungeon, and saw 2 of its levels.

You collected 99 gold pieces.

Inventory:

Hand Weapons
 a - a +2 dagger (weapon)
 b - a +0 blowgun
Missiles
 e - 8 poisoned needles
 f - 2 curare-tipped needles
Armour
 c - a +0 robe (worn)
 d - a +0 cloak (worn)
 j - a +0 cloak
Wands
 q - a wand of digging (5)
Scrolls
 h - a scroll of identify {unknown}
 i - 2 scrolls of remove curse {unknown}
 k - a scroll of enchant armour {unknown}
 l - a scroll of fear {unknown}
 o - a scroll of amnesia {unknown}
 r - a scroll of enchant weapon {unknown}
Potions
 m - a potion of flight
Comestibles
 g - a ration


   Skills:
 - Level 1.7 Fighting
 + Level 2.1 Short Blades
 - Level 1.7 Throwing
 - Level 0.7 Dodging
 + Level 6.4 Stealth


You had 2 spell levels left.
You didn't know any spells.
Your spell library was empty.

Dungeon Overview and Level Annotations

Branches:
Dungeon (2/15)

Altars:


Innate Abilities, Weirdness & Mutations

You have extremely sharp teeth.
When hurt, damage is shared between your health and your magic reserves.
Your bite disrupts and absorbs the magic of your enemies.
Potions cannot restore your health.
You are immune to rotting.


Message History

It was a potion of flight.
You feel very buoyant.
You fly up into the air.
* * * LOW HITPOINT WARNING * * *
You feel sick. The adder bites you.
* * * LOW HITPOINT WARNING * * *
Okay, then.
It was a potion of magic.
Magic courses through your body. The adder closely misses you.
Unknown command.
It was a potion of agility.
You feel agile all of a sudden. The adder bites you.
* * * LOW HITPOINT WARNING * * *
You are more poisoned.
The adder poisons you!
Unknown command.
It was a potion of brilliance.
You feel clever all of a sudden.
You die...

+......# #.# #####
#......# #.# ###
#......# ##.#### #..
#......#########.......
#..
#......##..............
#.. #.............. #..
#.............. #..
#.............. ###
#....S@........
#.......############
+.......').........#
#.......##########[####
######### #..... #..###
#..#.. ##.#.# #.#.#


You could see an adder.

Vanquished Creatures
  2 dart slugs (D:1)
  A leopard gecko (D:2)
  3 giant cockroaches
  7 hobgoblins
  4 jackals (D:1)
  A quokka (D:2)
  4 bats (D:1)
  2 frilled lizards (D:2)
  4 goblins
  6 kobolds
  A rat (D:1)
35 creatures vanquished.

Notes
Turn   | Place    | Note
-------+----------+-------------------------------------------
     0 | D:1      | HAL9000 the Vine Stalker Assassin began the quest for the
                  | Orb.
     0 | D:1      | Reached XP level 1. HP: 11/11 MP: 2/2
    41 | D:1      | Reached skill level 5 in Stealth
   158 | D:1      | Reached XP level 2. HP: 11/15 MP: 1/3
   491 | D:1      | Reached XP level 3. HP: 11/18 MP: 4/4
   511 | D:1      | Reached skill level 6 in Stealth
  1314 | D:2      | Succumbed to an adder's poison

Levels and vault maps discovered:
D:1:      kennysheep_arrival_forest, layout_loops_corners
D:2:      layout_basic, marbit_many_paths, uniq_jessica

Skill      XL: |  1  2  3 |
---------------+----------+-----
Stealth        | 5 6 |  6.4
Short Blades   | 2 |  2.1
Fighting       | |  1.7
Throwing       | |  1.7
Dodging        | |  0.7

Action                   || total
-------------------------++-------
Melee: Dagger            ||    80
       Bite              ||    20
  Use: Potion            ||     4
 Stab: Sleeping          ||    11
       Distracted        ||     1
Armor: Robe              ||    14
Dodge: Dodged            ||    35

Table legend:
 A = Non-vault XP
 B = Vault XP
 C = Vault XP percentage of total XP
 D = Non-vault monster count
 E = Vault monster count
 F = Vault count percentage of total count
                 A         B        C        D         E       F
            +---------+---------+-------+---------+---------+-------
      Total |      66 |       0 |   0.0 |      35 |       0 |   0.0
            +---------+---------+-------+---------+---------+-------
        D:1 |      44 |       0 |   0.0 |      23 |       0 |   0.0
        D:2 |      22 |       0 |   0.0 |      12 |       0 |   0.0
            +---------+---------+-------+---------+---------+-------
